 Dungeon Crawl Stone Soup version 0.20.0-15-g7f486f2 (webtiles) character file.

1641 Cqwertzu the Transmogrifier (level 8, -1/54 HPs)
             Began as a Merfolk Transmuter on June 25, 2017.
             Was an Initiate of Sif Muna.
             Killed by nerve-wracking pain
             ... invoked by an orc priest
              (7 damage)
             ... on level 6 of the Dungeon.
             The game lasted 00:13:03 (7302 turns).

Cqwertzu the Transmogrifier (Merfolk Transmuter)    Turns: 7302, Time: 00:13:03

Health: -1/54      AC:  5    Str: 10    XL:     8   Next: 99%
Magic:  13/14      EV: 17    Int: 12    God:    Sif Muna [......]
Gold:   270        SH:  0    Dex: 17    Spells: 4/15 levels left

rFire    + . .     SeeInvis .     - Unarmed
rCold    . . .     Gourm    +   (shield currently unavailable)
rNeg     . . .     Faith    .   b - +0 robe
rPois    .         Spirit   .   v - +1 helmet
rElec    .         Reflect  .   d - +0 cloak
rCorr    +         Harm     .   (gloves currently unavailable)
MR       .....                  (no boots)
Stlth    ++........             l - amulet of the gourmand
Regen    0.2/turn               q - ring of resist corrosion
MPRegen  0.2/turn               f - ring of protection from fire

@: blade hands (expiring)
A: change form in water, swift swim, stealthy swim
a: End Transformation, Renounce Religion


You were on level 6 of the Dungeon.
You worshipped Sif Muna.
Sif Muna was noncommittal.
You were not hungry.
You had blades for hands.
You visited 2 branches of the dungeon, and saw 7 of its levels.
You also visited: Sewer.

You collected 270 gold pieces.

Inventory:

Missiles
 a - 37 arrows
Armour
 b - a +0 robe (worn)
 d - a +0 cloak (worn)
 v - a +1 helmet (worn)
Jewellery
 f - a ring of protection from fire (right scythe-like blade)
 l - an amulet of the gourmand (around neck)
 q - a ring of resist corrosion (left scythe-like blade)
 y - a cursed amulet of inaccuracy {unknown}
Wands
 e - a wand of iceblast (6/15)
Scrolls
 j - 2 scrolls of amnesia
 w - a scroll of blinking
 z - a scroll of magic mapping
 A - a scroll of remove curse
 C - 3 scrolls of enchant weapon
 D - a scroll of enchant armour
Potions
 g - 2 potions of lignification
 m - a potion of ambrosia {unknown}
 n - a potion of curing
 o - a potion of might {unknown}
 p - 2 potions of berserk rage {unknown}
 s - 2 potions of agility
 u - a potion of degeneration {unknown}
 x - a potion of magic {unknown}
 B - a potion of brilliance {unknown}
 E - a potion of haste {unknown}
Books
 c - a book of Changes

   Spells                             Type                      Level
   a - Beastly Appendage              Transmutation                1
   b - Sticks to Snakes               Transmutation                2
   c - Spider Form                    Transmutation/Poison         3
   d - Ice Form                       Ice/Transmutation            4
   e - Blade Hands                    Transmutation                5
 t - a book of Alchemy

   Spells                             Type                      Level
   a - Sublimation of Blood           Necromancy                   2
   b - Ignite Poison                  Fire/Transmutation/Poison    3
   c - Petrify                        Transmutation/Earth          4
   d - Alistair's Intoxication        Transmutation/Poison         5
   e - Irradiate                      Conjuration/Transmutation    5
Comestibles
 h - 2 bread rations
 i - a royal jelly
 k - 2 meat rations
 r - 2 fruits


   Skills:
 - Level 1.1 Fighting
 + Level 7.4 Dodging
 - Level 4.0 Unarmed Combat
 - Level 4.4 Spellcasting
 - Level 11.1 Transmutations


You had 4 spell levels left.
You knew the following spells:

 Your Spells              Type           Power        Failure   Level  Hunger
a - Beastly Appendage     Tmut           ####..       9%          1    None
b - Sticks to Snakes      Tmut           ####....     10%         2    ##.....
c - Spider Form           Tmut/Pois      ###.......   36%         3    ###....
d - Blade Hands           Tmut           ####......   36%         5    ######.


Dungeon Overview and Level Annotations

Branches:
Dungeon (6/15)             Temple (1/1) D:6

Altars:
Ashenzari
Dithmenos
Elyvilon
Fedhas
Gozag
Hepliaklqana
Makhleb
Nemelex Xobeh
Okawaru
Qazlal
Ru
Sif Muna
Trog
Uskayaw
Vehumet
Xom
Zin
The Shining One


Message History

You slice the orc!!
You kill the orc!
Sif Muna accepts your kill.
The orc priest shouts!
The orc priest calls down the wrath of Beogh upon you.
You struggle to resist.
Items here: )) [ †† a dagger x2; a robe; an orc corpse x2
Items here: )) [ †† a dagger x2; a robe; an orc corpse x2
Your transformation is almost over.
The orc priest mumbles some strange prayers to Beogh against you.
Beogh smites you!
* * * LOW HITPOINT WARNING * * *
Things that are here:
a dagger; a robe
Items here: )) [[ †† The orc priest mumbles some strange prayers to Beogh against you.
Pain shoots through your body!
You die...

.#######
#.....#.###.#.#.#.#..
.#
####..#>...!.....§...
.# #)o.o.o...........
.##########
#)######.......#.#
..........# #o#
##.........
##.######.# #.#
#...####.. #.# #.#
#.# ####.### # #.#
#.# #.##......o #.#
#.#####.@<....#.o #.#
#.......##.##.#..#
#.# #######.# # #..
#.# #.# #.# ... #.#
.#


You could see an orc priest.

Vanquished Creatures
  A sky beast (D:6)
  An ice beast (D:5)
  A phantom (D:5)
  An ogre (D:5)
  A centaur (D:5)
  5 bullfrogs
  2 scorpions
  A wyvern skeleton (D:6)
  2 crimson imps
  An orc priest (D:6)
  3 hounds
  Crazy Yiuf (D:3)
  A bullfrog skeleton (D:4)
  3 orc wizards
  An iguana (D:4)
  3 worker ants
  A hound skeleton (D:5)
  Robin (D:3)
  6 adders
  7 gnolls (D:5)
  2 oozes
  A worm (D:2)
  A dart slug (D:2)
  5 leopard geckos
  23 orcs
  4 bats
  11 giant cockroaches
  17 goblins
  12 hobgoblins
  6 jackals (D:5)
  2 quokkas
  4 ball pythons
  16 frilled lizards
  A jackal zombie (D:6)
  2 kobolds
  A quokka zombie (D:6)
  6 rats
157 creatures vanquished.

Notes
Turn   | Place    | Note
-------+----------+-------------------------------------------
     0 | D:1      | Cqwertzu the Merfolk Transmuter began the quest for the Orb.
     0 | D:1      | Reached XP level 1. HP: 15/15 MP: 3/3
   350 | D:1      | Reached skill level 3 in Transmutations
   355 | D:1      | Reached XP level 2. HP: 6/21 MP: 5/5
   564 | D:1      | Learned a level 2 spell: Sticks to Snakes
   630 | D:1      | Reached skill level 4 in Transmutations
  1322 | D:1      | Reached XP level 3. HP: 25/26 MP: 6/6
  1374 | D:1      | Learned a level 3 spell: Spider Form
  1729 | D:2      | Reached skill level 5 in Transmutations
  2122 | D:2      | Reached XP level 4. HP: 32/32 MP: 3/7
  2480 | D:3      | Reached skill level 6 in Transmutations
  2616 | D:3      | Noticed Robin
  2632 | D:3      | Killed Robin
  2632 | D:3      | Reached XP level 5. HP: 21/37 MP: 5/8
  2978 | D:3      | Found a faded altar of an unknown god.
  3232 | D:3      | Found a runed door.
  3367 | D:3      | Noticed Crazy Yiuf
  3379 | D:3      | Killed Crazy Yiuf
  3757 | D:4      | Found a glowing drain.
  3781 | Sewer    | Entered a sewer
  3830 | Sewer    | Learned a level 5 spell: Blade Hands
  3929 | Sewer    | Reached skill level 7 in Transmutations
  3929 | Sewer    | Reached XP level 6. HP: 23/43 MP: 7/11
  4223 | D:4      | Got a translucent hand axe
  4287 | D:4      | Reached skill level 8 in Transmutations
  4369 | D:4      | Reached XP level 7. HP: 43/48 MP: 6/12
  5154 | D:5      | Entered Level 5 of the Dungeon
  5182 | D:5      | Reached skill level 9 in Transmutations
  5319 | D:5      | Reached skill level 10 in Transmutations
  5478 | D:5      | Reached skill level 5 in Dodging
  5478 | D:5      | Reached XP level 8. HP: 27/54 MP: 8/13
  6438 | D:6      | Found a staircase to the Ecumenical Temple.
  6460 | Temple   | Entered the Ecumenical Temple
  6504 | Temple   | Became a worshipper of Sif Muna the Loreminder
  6548 | D:6      | Reached skill level 11 in Transmutations
  7302 | D:6      | Killed from afar by an orc priest

Skill      XL: |  1  2  3  4  5  6  7  8 |
---------------+-------------------------+-----
Transmutations | 3 4 5 6 7 8 10 11 | 11.1
Spellcasting   | 3 4 |  4.4
Dodging        | 5 7 |  7.4
Unarmed Combat | 4 |  4.0
Fighting       | |  1.1

Action                   |  1- 3 |  4- 6 |  7- 9 || total
-------------------------+-------+-------+-------++-------
Melee: Unarmed           |    89 |   198 |   162 ||   449
       Punch             |     1 |     1 |     6 ||     8
       Headbutt          |     1 |       |       ||     1
       Tailslap          |       |     1 |       ||     1
 Cast: Beastly Appendage |     7 |       |       ||     7
       Sticks to Snakes  |     1 |       |       ||     1
       Spider Form       |     7 |    16 |     1 ||    24
       Blade Hands       |       |     3 |    27 ||    30
  Use: Scroll            |     3 |     5 |     6 ||    14
       Potion            |       |       |     4 ||     4
 Stab: Sleeping          |     1 |     2 |       ||     3
  Eat: Chunk             |     5 |     6 |    21 ||    32
       Bread ration      |       |     1 |       ||     1
       Royal jelly       |       |       |     1 ||     1
Armor: Robe              |     8 |    18 |    26 ||    52
       Skin              |     8 |     5 |       ||    13
Dodge: Dodged            |    66 |   142 |    91 ||   299
